[Event "2nd Serbia Open Masters 2022"]
[Site "Novi Sad"]
[Date "2022.07.02"]
[Round "5.2"]
[White "Aditya Mittal"]
[Black "Ivic, Velimir"]
[Result "1/2-1/2"]
[ECO "E73"]
[WhiteElo "2490"]
[BlackElo "2623"]
[Annotator "TA"]
[PlyCount "110"]
[EventDate "2022.06.28"]
[EventType "swiss"]
[EventCountry "SRB"]
[SourceTitle "playchess.com"]
[Source "ChessBase"]
[SourceQuality "1"]
[TimeControl "40/5400+30:900+30"]

1. d4 Nf6 2. c4 g6 3. Nc3 Bg7 4. e4 d6 5. Be2 O-O 6. Be3 a5 {[%emt 0:00:35] E73: King's Indian: Averbakh Variation without 6...c5.} 7. Nf3 Ng4 {[%emt 0:00:17] [#]} 8. Bg5 $146 ({Predecessor:} 8. Bd2 c5 9. dxc5 dxc5 10. Bf4 Qxd1+ 11. Rxd1 Bxc3+ 12. bxc3 Nc6 13. h3 Nf6 14. Nd2 e5 {1-0 (40) Van Nierop,A (1857)-Koolsbergen,N (2012) IECC email 2003}) 8... h6 {[%emt 0:00:15] White is slightly better.} 9. Bf4 e5 10. dxe5 Nxe5 11. Qd2 Kh7 12. Nd4 Nbc6 {[%emt 0:02:44] Strongly threatening ...Nxd4.} 13. Ndb5 f5 14. exf5 Bxf5 15. O-O Nb4 16. Nd4 Bd7 17. a3 Na6 18. Rad1 a4 19. h3 Nc5 20. Be3 Qh4 21. f4 Qg3 22. Kh1 Bxh3 23. gxh3 Qxh3+ 24. Kg1 Qg3+ 25. Kh1 Qh3+ 26. Kg1 Rae8 {[%emt 0:07:45][%cal Oe5c4] And now ...Nxc4! would win.} 27. fxe5 Qg3+ 28. Kh1 Qh3+ 29. Kg1 {[%emt 0:00:02] Bf3 is the strong threat.} Qg3+ 30. Kh1 Bxe5 31. Bf3 {[%emt 0:02:54] Threatens to win with Qg2.} Rf4 32. Qg2 $1 $16 (32. Bxf4 $6 Bxf4 33. Qc2 Qh3+ 34. Kg1 Be3+ 35. Rf2 Bxd4 $11) 32... Qh4+ (32... Rh4+ $2 33. Kg1 $18) 33. Kg1 Bxd4 34. Rxd4 {[%emt 0:06:12] Dancing on a razor blade.} Rxd4 35. Bf2 $36 {[%emt 0:00:09][%mdl 2048] White is on the roll. This bishop pair is nice.} (35. Bxd4 Qxd4+ 36. Qf2 Qxf2+ 37. Kxf2 Kg7 $14) 35... Qf6 36. Nd5 Qg7 {[%emt 0:00:30] White must now prevent ...c6.} 37. Bxd4 Qxd4+ 38. Qf2 Qe5 (38... Qxf2+ $16 39. Kxf2 Rc8) 39. Bg2 $18 (39. Nxc7 Nd3 40. Qd2 Qd4+ 41. Kh2 (41. Kh1 Re1 $11) 41... Qh4+ 42. Kg1 Qd4+ 43. Kh2 (43. Kh1 Re1 $11) 43... Qh4+ 44. Kg1 Qd4+ $11) 39... Nd3 $2 (39... Kh8 40. Nxc7 Nd3 41. Qf6+ Qxf6 42. Rxf6 Re1+ 43. Kh2 Nxb2 44. Rxg6 (44. Bxb7 Re7 $14) 44... Nxc4 45. Rxh6+ (45. Bxb7 Re7 $15) 45... Kg7) 40. Qf7+ Kh8 41. Qxg6 $2 (41. Rf3 $18 Qd4+ 42. Re3 $1 Rxe3 43. Qf8+ Kh7 44. Nf6+ Qxf6 45. Qxf6) 41... Qd4+ $11 42. Kh2 Qh4+ 43. Kg1 $1 Qd4+ 44. Kh2 Qh4+ 45. Bh3 $2 (45. Kg1 $1 $11 {and White is okay.} Qd4+) 45... Re2+ $19 46. Kg1 Nf2 $1 47. Nf4 (47. Bg2 $2 Qh1+ $3 48. Bxh1 Nh3#) 47... Qxf4 48. Bg2 (48. Bf5 $2 {[#]} Nh3+ $1 49. Bxh3 Qh2#) 48... c6 (48... Rxb2 49. Re1 (49. Qe8+ Kh7 $11) 49... Nh3+ 50. Kh1 Nf2+ 51. Kg1 Nh3+ 52. Kh1 Nf2+ 53. Kg1 $11) (48... Nh3+ $2 49. Kh1 Nf2+ 50. Kg1 $19) 49. Qh5 Qe3 {[%emt 0:00:14] ( -> ...Ne4+)} (49... Rxb2 50. Qe8+ Kh7 51. Qe7+ Kh8 52. Qe8+ Kh7 53. Qe7+ Kh8 54. Qe8+ $11) 50. Qg6 {[%emt 0:01:03] aiming for Qf6+.} Qf4 {[%emt 0:02:36] Prevents Qf6+.} (50... Ne4+ $19 51. Kh2 Rf2 52. Rxf2 (52. Qe8+ $2 Kg7 $19) 52... Nxf2) 51. Qh5 $11 {[%emt 0:00:01] The position is equal.} Re5 52. Qg6 Nh3+ 53. Kh1 Nf2+ 54. Kg1 Nh3+ 55. Kh1 Nf2+ {[%emt 0:00:27] Whites escaped into a draw.  Weighted Error Value: White=0.26 (precise) /Black=0.28 (precise)} 1/2-1/2

[Event "2nd Serbia Open Masters 2022"]
[Site "Novi Sad"]
[Date "2022.07.02"]
[Round "5.3"]
[White "Ioannidis, Evgenios"]
[Black "Jumabayev, Rinat"]
[Result "1-0"]
[ECO "E73"]
[WhiteElo "2459"]
[BlackElo "2628"]
[Annotator "TA"]
[PlyCount "97"]
[EventDate "2022.06.28"]
[EventType "swiss"]
[EventCountry "SRB"]
[SourceTitle "playchess.com"]
[Source "ChessBase"]
[SourceQuality "1"]
[TimeControl "40/5400+30:900+30"]

1. d4 Nf6 2. c4 g6 3. Nc3 Bg7 4. e4 d6 5. Be2 O-O 6. h4 c5 7. d5 b5 8. cxb5 {[%emt 0:02:07] E73: King's Indian: Averbakh Variation without 6...c5.} a6 $1 9. a4 axb5 10. Bxb5 {[%emt 0:00:09] White has an edge.} Ba6 11. Bd2 Qc8 {[%emt 0:03:36] [#]} 12. Ra3 $146 {[%emt 0:05:51] White is more active.} (12. f3 $14) ({Predecessor:} 12. Nh3 Bxb5 13. axb5 Rxa1 14. Qxa1 Nbd7 15. O-O Ne5 16. Qd1 Qb7 17. Qe2 Ra8 18. Rb1 {½-½ (48) Dragnev,V (2550)-Hillarp Persson,T (2550) Batumi 2019}) 12... e6 13. Qf3 exd5 14. exd5 Nbd7 15. Bf4 Nb6 16. Nge2 Nc4 17. Ra2 Qf5 18. O-O Bxb5 19. Nxb5 Nxd5 20. Nxd6 Nxd6 21. Bxd6 Qxf3 22. gxf3 Rfe8 23. b3 Nb4 24. Rd2 Rad8 {[%emt 0:00:44] [#] aiming for ...Be5.} 25. Ng3 Nc6 26. Rdd1 Nd4 27. Bxc5 Nxb3 (27... Nxf3+ {looks sharper.} 28. Kg2 Nd2 29. Bb6 Rb8) 28. Rxd8 Rxd8 29. Be3 Nd4 30. Kg2 Ra8 31. Rc1 h5 (31... Rxa4 $14 32. Rc8+ Bf8) 32. Rc4 $16 {[%emt 0:00:24] Black is on the road to losing.} Ne6 33. Ne4 {[%emt 0:02:07] Prevents Bf6.} Be5 34. f4 Bxf4 35. Nf6+ Kg7 {[%emt 0:00:01] [#] ...Bxe3 is the strong threat.} 36. Nxh5+ $1 gxh5 37. Bxf4 {[%emt 0:00:06][%mdl 4096] Endgame KRB-KRN} Rd8 {[%emt 0:01:30] Inhibits Bd2.} (37... Nxf4+ $16 {is a better defense.} 38. Rxf4 Ra5) 38. Be5+ $18 Kg6 39. a5 Kf5 40. Bc3 Rd3 $2 (40... Nf4+ {was necessary.} 41. Kh2 Nd5) 41. a6 Nf4+ 42. Kh2 Rh3+ 43. Kg1 {[%emt 0:00:04] Hoping for a7.} Rxh4 44. Rc5+ Ke6 45. a7 Rg4+ 46. Kf1 Rg8 47. Be5 {[%emt 0:00:18] Strongly threatening Bb8.} Nh3 $2 (47... Ra8) 48. Rb5 {[%emt 0:04:58] Threatens to win with Rb8.} Ra8 49. Bd4 {[%emt 0:08:30] Weighted Error Value: White=0.09 (flawless) /Black=0.23 (precise)} 1-0

[Event "2nd Serbia Open Masters 2022"]
[Site "Novi Sad"]
[Date "2022.07.02"]
[Round "5.4"]
[White "Arnaudov, G. Petar"]
[Black "Motylev, Alexander"]
[Result "0-1"]
[ECO "E06"]
[WhiteElo "2467"]
[BlackElo "2633"]
[Annotator "TA"]
[PlyCount "62"]
[EventDate "2022.06.28"]
[EventType "swiss"]
[EventCountry "SRB"]
[SourceTitle "playchess.com"]
[Source "ChessBase"]
[SourceQuality "1"]
[TimeControl "40/5400+30:900+30"]

1. d4 d5 2. c4 e6 3. Nf3 Nf6 4. g3 Be7 5. Bg2 O-O 6. O-O c6 7. Nc3 a5 {[%emt 0:00:57] E06: Closed Catalan: Early deviations.} 8. b3 b6 9. Qc2 Ba6 {[%emt 0:01:12] The position is equal.} 10. Rd1 b5 11. c5 (11. Ne5 {feels hotter.} bxc4 12. bxc4 Nfd7 13. Nxd7 Nxd7 14. c5) 11... b4 12. Na4 Nbd7 {[%emt 0:00:06] [#]} 13. Bf4 $146 ({Predecessor:} 13. a3 Bb5 14. axb4 axb4 15. Bb2 Qb8 16. Ne1 Bd8 17. Nd3 Bc7 18. Qd2 Ba5 19. Ra2 {½-½ (40) Csom,I (2460)-Murugan,K (2430) Wrexham 1996}) 13... Bb5 14. Nb2 Ne4 15. Nd3 g5 16. Bc1 f6 17. Bb2 Qe8 18. a3 bxa3 19. Rxa3 Bd8 20. Nd2 (20. Nfe1 $14) 20... f5 $11 21. Nxe4 (21. Nf3 $11 {keeps the balance.}) 21... fxe4 $17 22. Ne5 Nxe5 23. dxe5 Qh5 24. Re1 {[%emt 0:02:43] [#]} ({Not} 24. f3 $2 Bxe2 $1 25. Qxe2 exf3 $17) 24... g4 $1 {[%emt 0:05:40] Prevents f3. Black is more active.} 25. Bd4 Ra7 26. b4 a4 27. Rea1 {[%emt 0:01:33] [#]} (27. Ra2 $17 {keeps fighting.}) 27... Bc7 (27... Raf7 $1 $19 28. Rxa4 Bxa4 29. Rxa4 Bc7) 28. Qb2 Rf5 29. Re3 (29. e3 $17) 29... Bb8 $19 ({Stronger than} 29... Bxe5 30. Bxe5 Rxe5 31. f3 $17) 30. Raa3 (30. h4 $142) 30... Raf7 31. Rec3 (31. Qa1 {was necessary.}) 31... Bxe5 {[%emt 0:01:10] Weighted Error Value: White=0.38/Black=0.07 (flawless)} 0-1

[Event "2nd Serbia Open Masters 2022"]
[Site "Novi Sad"]
[Date "2022.07.02"]
[Round "5.5"]
[White "Aryan Chopra"]
[Black "Narva, Mai"]
[Result "1-0"]
[ECO "B41"]
[WhiteElo "2609"]
[BlackElo "2385"]
[Annotator "TA"]
[PlyCount "49"]
[EventDate "2022.06.28"]
[EventType "swiss"]
[EventCountry "SRB"]
[SourceTitle "playchess.com"]
[Source "ChessBase"]
[SourceQuality "1"]
[TimeControl "40/5400+30:900+30"]

1. e4 c5 2. Nf3 e6 3. d4 cxd4 4. Nxd4 a6 5. c4 Nf6 6. Nc3 Qc7 7. a3 b6 8. Be3 Bb7 {[%emt 0:00:34] B41: Sicilian: Kan Variation: 5 c4.} 9. f3 Be7 10. Rc1 O-O {[%emt 0:06:32] White is slightly better.} 11. Be2 d6 12. Qd2 Nbd7 13. g4 $5 {[%emt 0:00:42][%cal Bg2g4,Bg4g5][%mdl 4] [#] A promising side line.} Rfc8 $146 (13... Qd8 $14) ({Predecessor:} 13... Ne5 14. g5 Nfd7 15. O-O Rfe8 16. f4 Ng6 17. f5 exf5 18. exf5 Nge5 19. Nd5 Qd8 {1-0 (60) Sargsyan,S (2598)-Kamer,K (2339) Belgrade 2021}) 14. g5 $16 Ne8 15. O-O Qd8 16. Rcd1 {[%emt 0:05:01] 0x0.001b69cc42ebdp-1022s more active pieces. The black rooks are badly placed.} Ne5 17. b3 g6 (17... Nd7 $16 {was called for.}) 18. f4 $18 Nc6 {[%emt 0:01:24] [#]} (18... Nd7 {was necessary.} 19. f5 e5) 19. Nxc6 $1 Bxc6 20. f5 Qc7 21. Bg4 Bd7 (21... gxf5 22. exf5 exf5) 22. Qf2 {[%emt 0:03:59] White is clearly winning.} Kh8 23. fxg6 Ng7 24. gxf7 Rf8 25. Qh4 {[%emt 0:00:30] Weighted Error Value: White=0.05 (flawless) /Black=0.35} 1-0

[Event "2nd Serbia Open Masters 2022"]
[Site "Novi Sad"]
[Date "2022.07.02"]
[Round "5.7"]
[White "Predke, Alexandr"]
[Black "Kushagra Mohan"]
[Result "1/2-1/2"]
[ECO "B10"]
[WhiteElo "2688"]
[BlackElo "2343"]
[Annotator "TA"]
[PlyCount "88"]
[EventDate "2022.06.28"]
[EventType "swiss"]
[EventCountry "SRB"]
[SourceTitle "playchess.com"]
[Source "ChessBase"]
[SourceQuality "1"]
[TimeControl "40/5400+30:900+30"]

1. e4 c6 2. Nf3 d5 3. d3 dxe4 4. dxe4 Qxd1+ 5. Kxd1 Nf6 6. Nbd2 {[%emt 0:00:26] B10: Caro-Kann: 2 d3 and 2 c4.} Nbd7 7. Ne1 Nc5 8. f3 {[%emt 0:00:36] [#] White has an edge.} g5 $146 ({Predecessor:} 8... g6 9. a4 Bg7 10. c3 Be6 11. Kc2 Bh6 12. b4 Bxd2 13. Bxd2 Nb3 14. Rb1 Nxd2 15. Kxd2 {½-½ (30) Papp,G (2599)-Dreev,A (2637) Struga 2021}) 9. a4 g4 10. b4 Ne6 11. c3 gxf3 12. gxf3 Nh5 13. a5 Bd7 14. Kc2 Nhf4 (14... Bh6 $11) 15. Rg1 O-O-O 16. Nc4 Bh6 (16... h5 $14) 17. Ne5 Be8 18. Bc4 $1 Rd6 19. Ng2 f6 (19... Nxg2 $16 20. Bxh6 Nef4) 20. Ng4 $1 $18 Nxg2 21. Nxh6 Nh4 22. Rg4 Nxf3 23. Nf5 $1 Kd7 24. Nxd6 exd6 25. Bxe6+ (25. a6 $18) 25... Kxe6 $16 26. Rg7 Bg6 27. Bf4 Bxe4+ 28. Kb3 Kf5 29. Bg3 c5 (29... Nd2+ $14 30. Kb2 Nc4+ 31. Ka2 c5) 30. Rd1 $36 {[%emt 0:01:38][%mdl 2048] Keeping Black busy.} h5 31. b5 (31. Rxd6 h4 32. a6 (32. Bf2 Nxh2 33. bxc5 a6 $15) 32... bxa6 33. Rxa7 (33. Bf2 Nxh2 34. Rxa6 Nf3 $15) 33... hxg3 34. hxg3 Ne5 35. Raxa6 Bd3 36. Rxf6+ Kg5 $11) 31... h4 (31... a6 $16 {is a better defense.} 32. bxa6 (32. Rxd6 h4 $11) (32. Bxd6 axb5 33. Kb2 Rd8 $14) 32... bxa6) 32. Bxd6 $18 Rd8 33. a6 bxa6 34. bxa6 {[%emt 0:00:03] And now h3 would win.} Nxh2 35. Rxa7 {[%emt 0:00:04] Strongly threatening Rh7. White is more active.} Nf3 ({Better is} 35... Ng4) 36. Re7 (36. Rh7 $142) 36... h3 $16 37. a7 $1 Ba8 {[%emt 0:00:24] [#]} 38. Kc2 (38. Kc4 $1 $18 {has better winning chances.}) 38... Rh8 39. Re2 ({Don't play} 39. Bxc5 h2 $11) ({White should try} 39. Kc1 $16) 39... Rh7 {[%emt 0:00:26] [#]} (39... h2 $11 {remains equal.}) 40. Bxc5 (40. Ra1 $1 $16) 40... h2 $11 {[%emt 0:00:00] The position is equal.} 41. Re8 Bc6 42. a8=Q Bxa8 43. Rxa8 {[%emt 0:00:02] Rh1 is the strong threat.} h1=Q 44. Rxh1 Ke5 $2 {[%emt 0:00:42][%mdl 40960] Weighted Error Value: White=0.18 (very precise) /Black=0.24 (precise) . An unexpected result.} 1/2-1/2

[Event "2nd Serbia Open Masters 2022"]
[Site "Novi Sad"]
[Date "2022.07.02"]
[Round "5.8"]
[White "Samadov, Read"]
[Black "Sarana, Alexey"]
[Result "1/2-1/2"]
[ECO "E04"]
[WhiteElo "2442"]
[BlackElo "2675"]
[Annotator "TA"]
[PlyCount "43"]
[EventDate "2022.06.28"]
[EventType "swiss"]
[EventCountry "SRB"]
[SourceTitle "playchess.com"]
[Source "ChessBase"]
[SourceQuality "1"]
[TimeControl "40/5400+30:900+30"]

1. d4 Nf6 2. c4 e6 3. Nf3 d5 4. g3 dxc4 5. Bg2 Nc6 6. O-O Rb8 7. Nc3 b5 8. Ne5 Nxe5 {[%emt 0:00:06] E04: Open Catalan: 5 Nf3.} (8... Nxd4 $2 9. e3 $18) 9. dxe5 Nd7 10. Qc2 Bb7 {[%emt 0:00:07] Against Bc6. The position is equal.} 11. Bxb7 Rxb7 12. Rd1 Qc8 13. Bg5 {[%emt 0:03:11][%cal Od1d7] [#] aiming for Rxd7!} c6 (13... h6 $5 14. Rxd7 hxg5 $11) 14. Ne4 h6 15. Be3 {[%emt 0:07:18] [#]} Nb6 $146 (15... Be7 $15) ({Predecessor:} 15... Be7 16. Nd6+ Bxd6 17. Rxd6 O-O 18. f4 Nb6 19. Rad1 c5 20. f5 exf5 21. Rf1 Rd7 22. Qxf5 Rxd6 23. exd6 Qxf5 24. Rxf5 {½-½ (74) Ju,W (2528)-Maisuradze,N (2284) Istanbul 2012}) 16. Bxb6 axb6 17. b3 Be7 18. bxc4 O-O 19. Nd6 Bxd6 20. Rxd6 b4 21. Qa4 Qa8 (21... c5 $11) 22. Qxb4 {[%emt 0:07:18] Weighted Error Value: White=0.06 (flawless) /Black=0.20 (precise)} 1/2-1/2

[Event "2nd Serbia Open Masters 2022"]
[Site "Novi Sad"]
[Date "2022.07.02"]
[Round "5.9"]
[White "Demchenko, Anton"]
[Black "Neelash Saha"]
[Result "1/2-1/2"]
[ECO "B50"]
[WhiteElo "2654"]
[BlackElo "2439"]
[Annotator "TA"]
[PlyCount "108"]
[EventDate "2022.06.28"]
[EventType "swiss"]
[EventCountry "SRB"]
[SourceTitle "playchess.com"]
[Source "ChessBase"]
[SourceQuality "1"]
[TimeControl "40/5400+30:900+30"]

1. e4 c5 2. Nf3 d6 3. Nc3 Nf6 4. g3 g6 5. Bg2 Bg7 6. O-O {[%emt 0:00:09] B50: Sicilian: 2...d6, Miscellaneous.} O-O 7. e5 Ne8 8. exd6 {[%emt 0:02:05] [#]} Nxd6 $146 ({Predecessor:} 8... e5 9. d3 Nxd6 10. Be3 Nd7 11. a4 h6 12. Ne4 Nxe4 13. dxe4 Qc7 14. Qd5 Re8 {1-0 (96) Lobron,E (2575)-Polgar,J (2630) Biel 1993}) 9. d4 cxd4 10. Nxd4 Nc4 11. Nce2 Nc6 12. c3 Bd7 13. Re1 Qc8 14. Nxc6 Bxc6 15. Bxc6 Qxc6 16. Nd4 Qd5 17. Qe2 Rfe8 18. Rd1 Qc5 19. b3 Nd6 20. Bb2 e5 21. Nc2 Nf5 22. Qe4 Qc7 23. Nb4 Ne7 24. c4 Rad8 25. Rac1 a5 (25... f5 $11 26. Qe3 Qa5) 26. Nd5 $14 {[%emt 0:01:01] White is more active.} Nxd5 27. cxd5 Qb6 28. Rc4 Rd7 29. Bc3 f5 30. Qe1 Qb5 31. d6 {[%emt 0:05:17] And now Rc7 would win.} ({Reject} 31. Bxa5 Rxd5 32. Bc3 Bf6 $11) (31. Qd2 $5 ) 31... Re6 (31... Bf8 $14) 32. Bxa5 $2 ({Resist} 32. Rc8+ Bf8 $16) (32. a4 $1 $18 Qxb3 33. Rc7) 32... Rexd6 $11 33. Rxd6 Rxd6 34. Rc8+ Kf7 35. Rc7+ Rd7 36. Qb4 Qxb4 37. Rxd7+ {[%emt 0:00:01] [#]} Qe7 $1 38. Rxe7+ Kxe7 {[%emt 0:00:04][%mdl 4096] Endgame KB-KB} 39. Bc3 Bf6 40. a4 Ke6 41. f3 Be7 42. Kf2 Kd5 43. Ke2 h5 44. h3 e4 45. Be1 g5 46. Bd2 {[%emt 0:04:34] [#]} (46. g4 $11) 46... exf3+ $1 $17 47. Kxf3 g4+ 48. hxg4 fxg4+ 49. Kf4 Bd6+ 50. Kg5 Bxg3 (50... Ke4 $17 51. Be1 (51. Kxh5 $2 Kf3 $19) 51... Kf3) 51. Kxh5 $11 b5 52. a5 {[%emt 0:00:49] aiming for Be3.} Kc6 (52... Bd6 $1 $11 53. Kxg4 b4) 53. Kxg4 $16 Bc7 {[%emt 0:00:03][%cal Ob5b4] [#]} 54. Kf5 ({Better is} 54. b4 $1 $16) 54... Kb7 {[%emt 0:00:11] Weighted Error Value: White=0.17 (very precise) /Black=0.16 (very precise)} (54... b4 $1 $11 {keeps the balance.}) 1/2-1/2

[Event "2nd Serbia Open Masters 2022"]
[Site "Novi Sad"]
[Date "2022.07.02"]
[Round "5.10"]
[White "Agmanov, Zhandos"]
[Black "Piorun, Kacper"]
[Result "1/2-1/2"]
[ECO "C07"]
[WhiteElo "2420"]
[BlackElo "2635"]
[Annotator "TA"]
[PlyCount "62"]
[EventDate "2022.06.28"]
[EventType "swiss"]
[EventCountry "SRB"]
[SourceTitle "playchess.com"]
[Source "ChessBase"]
[SourceQuality "1"]
[TimeControl "40/5400+30:900+30"]

1. e4 e6 2. d4 d5 3. Nd2 c5 4. exd5 Qxd5 5. Ngf3 cxd4 6. Bc4 Qd7 {[%emt 0:00:07] C07: French Tarrasch: 3...c5, 4 Ngf3 and 4 exd5 Qxd5.} 7. O-O Nc6 8. Nb3 a6 9. Nbxd4 Nxd4 10. Nxd4 Qc7 {[%emt 0:00:23] Against Bf4} 11. Bb3 Bd6 12. h3 Ne7 {[%emt 0:00:08] The position is equal.} 13. c3 O-O 14. Qh5 b5 15. Bc2 {[%emt 0:04:59][%csl Gc2][%cal Rh5h7] [#]} g6 $146 ({Predecessor:} 15... Ng6 16. Nf3 Qc5 17. Ng5 h6 18. Qf3 Rb8 19. Ne4 Qc7 20. Nxd6 Qxd6 21. Be3 Bb7 {0-1 (34) Hapala,E (2075)-Wu,M (1892) Graz 2017}) 16. Qh4 Bb7 17. Bh6 Rfe8 ({Much less strong is} 17... Bh2+ 18. Kh1 Bd6 19. f4 $16 (19. Bxf8 Rxf8 20. Rad1 Nd5 $16) (19. Qf6 Be5 $11)) 18. Rfe1 $1 {[%emt 0:02:41] Threatening mate with Qf6.} ({Reject} 18. Qf6 Bh2+ 19. Kh1 Be5 $17) 18... Nd5 {[%emt 0:06:53] Against Qf6} 19. Be4 Be7 20. Bg5 Bxg5 21. Qxg5 f6 (21... Kg7 {seems wilder.} 22. Rad1 Rad8 23. Bf3 h6) 22. Qh4 e5 23. Nc2 f5 24. Bxd5+ Bxd5 25. Ne3 Bf7 26. Red1 Qe7 27. Qxe7 Rxe7 28. Nd5 Rb7 29. Nb4 a5 30. Nc6 e4 31. Nd8 Rc7 {[%emt 0:00:25] An interesting draw.  Weighted Error Value: White=0.03 (flawless) /Black=0.02 (flawless)} 1/2-1/2

[Event "2nd Serbia Open Masters 2022"]
[Site "Novi Sad"]
[Date "2022.07.02"]
[Round "5.11"]
[White "Bernadskiy, Vitaliy"]
[Black "Nogerbek, Kazybek"]
[Result "1/2-1/2"]
[ECO "B36"]
[WhiteElo "2636"]
[BlackElo "2424"]
[Annotator "TA"]
[PlyCount "84"]
[EventDate "2022.06.28"]
[EventType "swiss"]
[EventCountry "SRB"]
[SourceTitle "playchess.com"]
[Source "ChessBase"]
[SourceQuality "1"]
[TimeControl "40/5400+30:900+30"]

1. e4 c5 2. Nf3 Nc6 3. d4 cxd4 4. Nxd4 g6 5. c4 Nf6 6. Nc3 Nxd4 7. Qxd4 d6 8. e5 dxe5 {[%emt 0:00:58] The position is equal.} 9. Qxe5 {[%emt 0:00:13] B36: Sicilian: Maroczy Bind: Gurgenidze System.} Bg7 10. Qb5+ Qd7 11. Be2 O-O 12. O-O {[%emt 0:01:10] [#]} Qxb5 $146 ({Predecessor:} 12... Qc7 13. Bf3 a6 14. Qb3 Ng4 15. Bxg4 Bxg4 16. Nd5 Qd6 17. f3 Be6 18. Bf4 Qd7 {½-½ (30) Jenc,M (1888)-Hurdzan,T (1773) Czech Republic 2012}) 13. cxb5 Bg4 14. Bc4 Rac8 15. Bb3 Rfd8 16. Re1 e6 17. h3 Bf5 18. Be3 a6 19. bxa6 bxa6 20. g4 Bd3 21. Rad1 Bb5 22. f3 Bc6 23. Kf2 Nd5 24. Nxd5 Bxd5 25. Bg5 Rd7 26. Bxd5 Rxd5 27. Rxd5 exd5 $11 {[%emt 0:00:08][%mdl 4096] Endgame KRB-KRB} 28. b3 Bd4+ 29. Be3 Bxe3+ 30. Rxe3 {[%emt 0:06:36] KR-KR} Kf8 31. Re2 Rc3 32. Kg3 a5 33. Rd2 Rc5 34. Kf4 f6 35. Ke3 Ke7 ({Don't play} 35... Rc3+ 36. Rd3 Rc5 37. Kd4 $16) 36. Re2 {[%emt 0:00:15] [#] And now Kd4+ would win.} Kd6 37. Kd4 {[%emt 0:03:20][%cal Oe2e6] Prevents Rc3. Threatens to win with Re6+!} Rc1 38. Re8 Rd1+ 39. Kc3 Rf1 40. Kd4 Rd1+ 41. Kc3 Rf1 42. Kd4 Rd1+ {[%emt 0:00:21] Not much happened in this game.  Weighted Error Value: White=0.02 (flawless) /Black=0.03 (flawless)} 1/2-1/2

[Event "2nd Serbia Open Masters 2022"]
[Site "Novi Sad"]
[Date "2022.07.02"]
[Round "5.12"]
[White "Samant Aditya S"]
[Black "Puranik, Abhimanyu"]
[Result "0-1"]
[ECO "C07"]
[WhiteElo "2433"]
[BlackElo "2608"]
[Annotator "TA"]
[PlyCount "58"]
[EventDate "2022.06.28"]
[EventType "swiss"]
[EventCountry "SRB"]
[SourceTitle "playchess.com"]
[Source "ChessBase"]
[SourceQuality "1"]
[TimeControl "40/5400+30:900+30"]

1. e4 {[%emt 0:00:03] ChessBase II} e6 2. d4 d5 3. Nd2 c5 4. Ngf3 cxd4 5. Nxd4 Nc6 6. Bb5 Bd7 7. Nxc6 bxc6 8. Bd3 Qc7 9. Qe2 {[%emt 0:01:29] C07: French Tarrasch: 3...c5, 4 Ngf3 and 4 exd5 Qxd5.} Ne7 10. Nf3 {[%emt 0:12:36] 10.0-0 injects fresh life into this line.} Ng6 11. e5 {[%emt 0:05:14] Against Bd6. White has an edge.} Be7 {[%emt 0:09:11] was the old line (11...c5).} 12. O-O c5 13. c3 f5 14. exf6 $1 gxf6 {[%emt 0:01:56] [#]} 15. Nh4 $146 ({Predecessor:} 15. Re1 e5 16. Nh4 e4 17. Qh5 Qe5 18. Be2 Qxh5 19. Bxh5 Rg8 20. g3 O-O-O 21. Bxg6 hxg6 {½-½ (46) Naiditsch,A (2697)-Flom,G (2501) Brest 2018 EXT 2019 [ChessBase II]}) 15... O-O-O (15... f5 $5 16. Nxg6 hxg6 $15) 16. Nxg6 hxg6 17. f4 (17. h3 $11) 17... g5 18. c4 (18. Bf5 $17 {was called for.}) 18... Bd6 $19 19. cxd5 exd5 {[%emt 0:01:49] ...c4 is the strong threat.} 20. Bb5 c4 21. Bxd7+ Rxd7 ({Inferior is} 21... Kxd7 22. Qf3 $15 (22. Re1 $2 Rde8 $19)) 22. Qf3 $2 {[%emt 0:09:03] Loses the game.} (22. h3 $17) 22... Bc5+ $1 23. Be3 g4 $1 24. Qg3 Rdh7 25. Rad1 Rxh2 {[%emt 0:08:48] ( -> ...Bxe3+)} 26. Rxd5 {[%emt 0:00:08] [#]} Bb6 27. Qxg4+ Kb8 {[%emt 0:00:09] Dancing on a razor blade.} 28. Rb5 {[%emt 0:02:43] [#]} Qc6 $1 {[%emt 0:05:00][%mdl 1024] Black has strong compensation.} 29. a4 {[%emt 0:00:33] [#]} (29. Rxb6+ $19 axb6 30. Re1) 29... Qxb5 $3 {[%emt 0:00:13][%mdl 512] Weighted Error Value: White=0.45/Black=0.09 (flawless)} 0-1

[Event "2nd Serbia Open Masters 2022"]
[Site "Novi Sad"]
[Date "2022.07.02"]
[Round "5.13"]
[White "Kadric, Denis"]
[Black "Harikrishnan.A.Ra"]
[Result "1/2-1/2"]
[ECO "C50"]
[WhiteElo "2576"]
[BlackElo "2396"]
[Annotator "TA"]
[PlyCount "33"]
[EventDate "2022.06.28"]
[EventType "swiss"]
[EventCountry "SRB"]
[SourceTitle "playchess.com"]
[Source "ChessBase"]
[SourceQuality "1"]
[TimeControl "40/5400+30:900+30"]

1. e4 e5 2. Nf3 Nc6 3. Bc4 Bc5 4. O-O Nf6 5. d3 O-O 6. h3 {[%emt 0:00:07] C50: Hungarian Defence and Giuoco Pianissimo.} h6 7. Re1 Re8 8. c3 d6 9. Nbd2 Bb6 10. Nf1 Ne7 11. Ng3 Ng6 12. d4 {[%emt 0:08:27] [#]} exd4 $146 ({Predecessor:} 12... c6 13. dxe5 dxe5 14. Qxd8 Rxd8 15. a4 a6 16. b3 Ba7 17. Ba3 Rd7 18. Rad1 b5 19. Rxd7 Bxd7 20. axb5 cxb5 {1-0 (55) Mukhtarkhan,A (1141)-Ramos Redondo,X Salobrena 2020}) 13. cxd4 d5 14. exd5 Rxe1+ 15. Qxe1 Nxd5 16. Bd3 c6 17. Bd2 {[%emt 0:02:25] Weighted Error Value: White=0.07 (flawless) /Black=0.05 (flawless)} 1/2-1/2